 Dungeon Crawl Stone Soup version 0.27.1-34-g3ba077fa99 (webtiles) character file.

Game seed: 3216449798983869726

429 mtoz the Chopper (level 6, 0/56 HPs)
             Began as a Minotaur Berserker on Jan 5, 2022.
             Was a Believer of Trog.
             Slain by a gnoll shaman (8 damage)
             ... on level 4 of the Dungeon.
             The game lasted 00:09:06 (3287 turns).

mtoz the Chopper (Minotaur Berserker)               Turns: 3287, Time: 00:09:07

Health: 0/56       AC:  8    Str: 24    XL:     6   Next: 66%
Magic:  5/5        EV: 11    Int:  4    God:    Trog [**....]
Gold:   91         SH:  0    Dex:  9    Spells: 5/5 levels left

rFire    . . .     SeeInvis .   f - +0 war axe
rCold    . . .     Faith    .   (no shield)
rNeg     . . .     Spirit   .   i - +0 scale mail
rPois    .         Reflect  .   (helmet restricted)
rElec    .         Harm     .   c - +0 cloak
rCorr    .         Rampage  .   (no gloves)
Will     .....                  (no boots)
Stlth    ..........             k - amulet of the acrobat
HPRegen  0.18/turn              (no ring)
MPRegen  0.09/turn              (no ring)

@: slowed, very slow
A: horns 2, retaliatory headbutt
a: Renounce Religion, Berserk, Trog's Hand


You were on level 4 of the Dungeon.
You worshipped Trog.
Trog was pleased with you.
You visited 1 branch of the dungeon, and saw 4 of its levels.

You collected 91 gold pieces.

Inventory:

Hand Weapons
 a - a +0 hand axe of flaming
 f - a +0 war axe (weapon)
Armour
 c - a +0 cloak (worn)
 i - a +0 scale mail (worn)
Jewellery
 g - a ring of ice
 k - an amulet of the acrobat (around neck)
Scrolls
 b - a scroll of identify
 h - a scroll of immolation
 l - a scroll of enchant armour {unknown}
 m - a scroll of fog {unknown}
Potions
 d - a potion of haste
 e - 2 potions of curing
 j - a potion of might
 n - a potion of heal wounds {unknown}


   Skills:
 + Level 5.5 Fighting
 + Level 5.5 Axes
 + Level 4.7 Armour
 + Level 4.3 Dodging


You had 5 spell levels left.
You didn't know any spells.
Your spell library was empty.

Dungeon Overview and Level Annotations

Branches:
Dungeon (4/15)
 Temple: D:4-7

Altars:
Elyvilon
Qazlal
Sif Muna
Uskayaw


Innate Abilities, Weirdness & Mutations

You have a pair of horns on your head.
You reflexively headbutt those who attack you in melee.


Message History

You furiously retaliate!
You headbutt the gnoll. The gnoll hits you but does no damage.
Natasha claws you but does no damage.
You slash Natasha! You headbutt Natasha.
Natasha is severely wounded.
You hit the gnoll.
You kill the gnoll!
Trog accepts your kill.
You hit the gnoll.
You feel yourself speed up. The gnoll hits you with a +0 club.
The gnoll misses you.
Natasha stares at you and mumbles some strange words.
You feel yourself slow down. The gnoll hits you with a +0 club!
The gnoll shaman barely misses you. Natasha claws you!
You hit Natasha.
Natasha is almost dead.
You slash the gnoll shaman! You barely miss the gnoll.
The gnoll hits you with a +0 club.
Natasha stares at you and mumbles some strange words.
The magic dart hits you. The gnoll hits you but does no damage.
The gnoll shaman calls upon its god to heal the gnoll.
The gnoll's wounds heal themselves!
The gnoll shaman closely misses you. Natasha claws you but does no damage.
The gnoll hits you with a +0 club.
You barely miss Natasha. You headbutt Natasha.
You kill Natasha!
Trog accepts your kill.
Trog appreciates your killing of a magic user.
You feel Natasha's spirit has finally been put to rest.
You hit the gnoll shaman. You slash the gnoll!
The gnoll hits you with a +0 club.
The gnoll shaman hits you with a +0 club!
* * * LOW HITPOINT WARNING * * *
The gnoll closely misses you. You furiously retaliate!
You headbutt the gnoll!
You kill the gnoll!
Trog accepts your kill.
The gnoll shaman hits you with a +0 club.
* * * LOW HITPOINT WARNING * * *
You barely miss the gnoll shaman.
The gnoll shaman is heavily wounded.
The gnoll shaman hits you with a +0 club!
You die...

# ###...##........ #
###................#
###......[...........###
..#....................#
.....####...............
.....###.....)..........
............)##.........
............).##.)......
...............)@g......
.............†##.#......
..............#### .....
.....##.......# ....
........##....## ...
........ #..#..### ..
.....#.....##....# . .
.... .....##....##...
....................#


You could see a gnoll shaman.

Vanquished Creatures
  A water moccasin skeleton (D:3)
  A hound (D:4)
  An iguana (D:4)
  Natasha (thrice) (D:4)
  2 orc wizards
  9 gnolls
  5 adders
  2 worms (D:2)
  3 dart slugs
  2 orcs (D:3)
  5 endoplasms
  5 giant cockroaches
  4 goblins
  4 hobgoblins
  A kobold (D:1)
  5 quokkas
  4 ball pythons (D:1)
  5 bats
  2 frilled lizards
  3 rats
67 creatures vanquished.

Notes
Turn   | Place    | Note
-------+----------+-------------------------------------------
     0 | D:1      | mtoz the Minotaur Berserker began the quest for the Orb.
     0 | D:1      | Reached XP level 1. HP: 19/19 MP: 0/0
   115 | D:1      | Reached XP level 2. HP: 26/27 MP: 1/1
   838 | D:2      | Reached XP level 3. HP: 21/33 MP: 2/2
  1281 | D:2      | Reached ** piety under Trog
  1674 | D:3      | Found a shimmering blue altar of Sif Muna.
  1679 | D:3      | Reached XP level 4. HP: 31/41 MP: 3/3
  1906 | D:3      | Reached XP level 5. HP: 38/47 MP: 4/4
  2190 | D:3      | Found a hide-covered altar of Uskayaw.
  2191 | D:3      | Found a white marble altar of Elyvilon.
  2191 | D:3      | Found a stormy altar of Qazlal.
  2481 | D:3      | Reached skill level 5 in Fighting
  2481 | D:3      | Reached skill level 5 in Axes
  2865 | D:4      | Noticed Natasha
  2878 | D:4      | Killed Natasha
  2879 | D:4      | Reached XP level 6. HP: 31/56 MP: 5/5
  3268 | D:4      | Noticed Natasha
  3279 | D:4      | Killed Natasha
  3280 | D:4      | Noticed Natasha
  3286 | D:4      | Killed Natasha
  3287 | D:4      | Slain by a gnoll shaman

Illustrated notes

Levels and vault maps discovered:
D:1:      noname_arrival_rooms_in_the_neighbourhood, layout_basic
D:2:      layout_loops_cross
D:3:      layout_basic, mainiacjoe_overflow_alcove_4, minitemple
D:4:      layout_cave_pools, gammafunk_temple_overflow_statue,
          nemelex_spade_bored_becter, minmay_temple_entry_enclosed_plants,
          gammafunk_ghost_necromancy, uniq_duvessa, uniq_natasha

Skill      XL: |  1  2  3  4  5  6 |
---------------+-------------------+-----
Fighting       | 4 5 |  5.5
Axes           | 4 5 |  5.5
Armour         | 3 4 |  4.7
Dodging        | 3 4 |  4.3

Action                   |  1- 3 |  4- 6 || total
-------------------------+-------+-------++-------
Melee: Hand axe          |    75 |    41 ||   116
       Headbutt          |     5 |    14 ||    19
       War axe           |       |    44 ||    44
Invok: Berserk           |       |     1 ||     1
       Trog's Hand       |       |     1 ||     1
  Use: Scroll            |     2 |     2 ||     4
       Potion            |     1 |       ||     1
 Stab: Sleeping          |     1 |       ||     1
Armor: Animal skin       |     8 |       ||     8
       Scale mail        |    20 |    34 ||    54
Dodge: Dodged            |    49 |    56 ||   105
